 Dungeon Crawl Stone Soup version 0.31-a0-881-ge136f0c47a (webtiles) character file.

Game seed: 13245442581982031014

102 TheGamechu the Shooter (level 4, -4/26 HPs)
             Began as a Gargoyle Hunter on Oct 15, 2023.
             Killed by divine providence
             ... invoked by an orc priest
              (8 damage)
             ... on level 3 of the Dungeon.
             The game lasted 00:06:51 (2154 turns).

TheGamechu the Shooter (Gargoyle Hunter)            Turns: 2154, Time: 00:06:53

Health: -4/26      AC: 16    Str: 14    XL:     4   Next: 78%
Magic:  4/4        EV: 12    Int: 10    God:
Gold:   94         SH:  0    Dex: 15    Spells: 3/3 levels left

rFire   . . .        a - +0 shortbow
rCold   . . .        (shield currently unavailable)
rNeg    + . .        c - +0 chain mail
rPois   ∞            (no helmet)
rElec   +            j - +2 cloak
rCorr   .            (no gloves)
SInv    .            m - +0 pair of boots
Will    .....        (no amulet) Stlth
                     d - +5 ring of evasion
HPRegen 0.24/turn    (no ring)
MPRegen 0.09/turn

%: no passive effects
@: no status effects
A: sickness immunity, AC +3, negative energy resistance 1, electricity
resistance, torment resistance 1, petrification resistance
a: no special abilities


You were on level 3 of the Dungeon.
You visited 1 branch of the dungeon, and saw 3 of its levels.

You collected 94 gold pieces.

Inventory:

Hand Weapons
 a - a +0 shortbow (weapon)
Armour
 c - a +0 chain mail (worn)
 e - a +0 ring mail
 j - a +2 cloak (worn)
 k - the +1 pair of gloves of the Stone Wall {rF+ Str-4 SInv}
   (You found it on level 3 of the Dungeon)

   Str-4:     It affects your strength (-4).
   rF+:       It protects you from fire.
   SInv:      It lets you see invisible.
 m - a +0 pair of boots (worn)
Jewellery
 d - a +5 ring of evasion (left hand)
Scrolls
 b - a scroll of butterflies
 f - a scroll of identify {unknown}
 h - a scroll of amnesia {unknown}
Potions
 g - a potion of berserk rage {unknown}
 i - a potion of degeneration {unknown}


   Skills:
 - Level 2.1 Fighting
 * Level 5.4 Ranged Weapons
 + Level 2.4 Armour
 - Level 1.5 Dodging
 - Level 1.1 Stealth


You had 3 spell levels left.
You didn't know any spells.
Your spell library contained the following spells:

 Spells                   Type           Power      Damage    Failure   Level
 Apportation              Tloc           0%         N/A       99%         1
 Magic Dart               Conj           0%         1d3       99%         1
 Necrotise                Necr           0%         1d4       99%         1
 Summon Small Mammal      Summ           0%         N/A       99%         1
 Searing Ray              Conj           0%         2d4       100%        2
 Fulminant Prism          Conj/Hex       0%         3d5       100%        4
 Summon Forest            Summ/Tloc      0%         N/A       100%        5
 Eringya's Noxious Bog    Tmut/Pois      0%         4d6       100%        6
 Summon Hydra             Summ           0%         N/A       100%        7


Dungeon Overview and Level Annotations

Branches:
Dungeon (3/15)

Altars:
Kikubaaqudgha

Shops:
D:2 (


Innate Abilities, Weirdness & Mutations

You are immune to sickness and miasma.
Your stone body is resilient. (AC +3)
You are immune to poison.
You resist negative energy. (rN+)
You are resistant to electric shocks. (rElec)
You are resistant to unholy torment.
You are immune to petrification.


Message History

The orc priest hits you but does no damage.
The orc priest barely misses you.
You shoot an arrow. The arrow hits the orc priest!
You kill the orc priest!
Items here: ))) †††.
You start resting.
An orc priest is nearby!
You see here a jackal corpse.
An orc priest comes into view. It is wielding a +0 dagger.
The orc priest shouts!
An orc wizard comes into view. It is wielding a +0 short sword.
The orc wizard casts a spell at you.
You are confused.
The quokka completely misses you.
The orc wizard mumbles some strange words.
The orc wizard flickers and vanishes!
Deactivating autopickup; reactivate with Ctrl-A.
The quokka bites you but does no damage.
You are more confused.
You see here a +0 club.
You miss the quokka. The quokka misses you.
The orc priest looks encouraged for a moment.
The orc priest hits you but does no damage.
The quokka bites you.
The orc priest calls down the wrath of Beogh upon you.
Beogh smites you!
* * * LOW HITPOINT WARNING * * *
You miss the quokka. The quokka barely misses you.
The quokka twitches its whiskers.
The quokka misses you.
Okay, then.
You are too confused!
It was a potion of cancellation.
Your magical effects are unravelling.
You feel magically purged.
You feel less confused. The quokka misses you.
The orc priest mumbles some strange prayers to Beogh against you.
Beogh smites you!
You die...

..........#.......#.#
#
#........#.......#.#
#
#........##...†.##.#
#........####†####.#
#..................#
#.......).####.##.##
# #.................#
#####
##..#......o..#####
####....
#..###.o.r@..#
##.......
#######.......#†...#
#........
o..)..†............#
#........
########†..........#
..........
#...........+
###...#...
#...........#
#####...
..#####.#+### .....)
## #. ...... ....##.


You could see 2 orc priests and a quokka.

Vanquished Creatures
  An orc priest (D:3)
  A worm (D:2)
  4 orcs (D:3)
  6 ball pythons
  3 bats
  3 endoplasms
  2 giant cockroaches
  2 hobgoblins
  10 jackals (D:3)
  6 kobolds
  A quokka (D:2)
  2 frilled lizards (D:1)
  3 goblins
  21 rats
65 creatures vanquished.

Notes
Turn   | Place    | Note
-------+----------+-------------------------------------------
     0 | D:1      | TheGamechu the Gargoyle Hunter began the quest for the Orb.
     0 | D:1      | Reached XP level 1. HP: 12/12 MP: 1/1
   237 | D:1      | Reached XP level 2. HP: 17/17 MP: 2/2
   523 | D:1      | Reached skill level 1 in Armour
  1191 | D:2      | Found Xoades's Antique Weapon Emporium.
  1273 | D:2      | Reached XP level 3. HP: 21/21 MP: 3/3
  1852 | D:3      | Identified the +1 pair of gloves of the Stone Wall {rF+
                  | Str-4 SInv}
  1988 | D:3      | Found an ancient bone altar of Kikubaaqudgha.
  2010 | D:3      | Reached skill level 5 in Ranged Weapons
  2041 | D:3      | Reached XP level 4. HP: 26/26 MP: 4/4
  2154 | D:3      | Killed from afar by an orc priest

Illustrated notes

Levels and vault maps discovered:
D:1:      dpeg_arrival_three_same_balls, layout_basic, serial_forest,
          infiniplex_forest_corner_1, infiniplex_forest_straight_2,
          infiniplex_forest_corner_1, infiniplex_forest_clump_small
D:2:      layout_basic, serial_forest, infiniplex_forest_lined_corner,
          infiniplex_forest_clump_small, infiniplex_forest_lined_1,
          infiniplex_forest_straight_1, infiniplex_forest_corner_1,
          infiniplex_forest_straight_4, infiniplex_forest_corner_1,
          infiniplex_forest_lined_room_2, infiniplex_forest_lined_room_2,
          serial_shops, shop, minmay_rat_hole
D:3:      layout_basic, old_standard_altar, serial_rivers,
          chequers_serial_rivers_micro_b, chequers_serial_rivers_room_b,
          chequers_serial_rivers_large_a, chequers_serial_rivers_micro_c,
          hangedman_decor_peaks_small

Skill      XL: |  1  2  3 |
---------------+----------+-----
Armour         | 1 2 |  2.4
Ranged Weapons | 5 |  5.4
Fighting       | |  2.1
Dodging        | |  1.5
Stealth        | |  1.1

Action                     |  1- 3 |  4- 6 || total
---------------------------+-------+-------++-------
  Melee: Shortbow          |       |     2 ||     2
   Fire: Shortbow          |   137 |    41 ||   178
    Use: Scroll            |     6 |       ||     6
         Potion            |       |     1 ||     1
 Armour: Leather armour    |     8 |       ||     8
         Chain mail        |    27 |    31 ||    58
         Ring mail         |     1 |       ||     1
  Dodge: Dodged            |    56 |    52 ||   108

Table legend: (Time is in decaauts)
 A = Elapsed time spent in this place.
 B = Non-inter-level travel time spent in this place.
 C = Inter-level travel time spent in this place.
 D = Time resting spent in this place.
 E = Time spent auto-exploring this place.
 F = Levels seen in this place.
 G = Mean time per level.
                   A        B        C        D        E       F      G
               +--------+--------+--------+--------+--------+-----+--------+
         Total |   2222 |   2084 |    138 |     15 |   1268 |   3 |  740.7 |
       Dungeon |   2222 |   2084 |    138 |     15 |   1268 |   3 |  740.7 |
               +--------+--------+--------+--------+--------+-----+--------+

Top non-repeatable levels by time:
     D:1: 923 daAuts
     D:2: 816 daAuts
     D:3: 482 daAuts
